 Dungeon Crawl Stone Soup version 0.29-a0-284-gf9362112df (webtiles) character file.

Game seed: 7774004576252809844

1458 being54 the Cleaver (level 8, -5/71 HPs)
             Began as a Minotaur Fighter on Mar 21, 2022.
             Was a Believer of Okawaru.
             Slain by a gnoll
             ... wielding a +0 spear
              (6 damage)
             ... on level 6 of the Dungeon.
             The game lasted 00:12:47 (5955 turns).

being54 the Cleaver (Minotaur Fighter)              Turns: 5955, Time: 00:12:48

Health: -5/71      AC: 11    Str: 22    XL:     8   Next: 47%
Magic:  7/7        EV:  9    Int:  3    God:    Okawaru [**....]
Gold:   300        SH:  5    Dex: 11    Spells: 7/7 levels left

rFire   . . .      SeeInvis .   a - +0 war axe
rCold   . . .      Faith    .   c - +0 buckler
rNeg    . . .      Spirit   .   b - +0 scale mail
rPois   .          Reflect  .   (helmet restricted)
rElec   .          Harm     .   (no cloak)
rCorr   +          Rampage  .   p - +0 pair of gloves
Will    .....                   m - +1 pair of boots
Stlth   ..........              (no amulet)
HPRegen 0.21/turn               n - ring of resist corrosion
MPRegen 0.10/turn               (no ring)

@: mighty
A: horns 2, retaliatory headbutt, claws 1, dopey 1
a: Renounce Religion, Heroism


You were on level 6 of the Dungeon.
You worshipped Okawaru.
Okawaru was pleased with you.
You visited 2 branches of the dungeon, and saw 7 of its levels.
You also visited: Sewer.

You collected 300 gold pieces.

Inventory:

Hand Weapons
 a - a +0 war axe (weapon)
 l - a +0 morningstar
Armour
 b - a +0 scale mail (worn)
 c - a +0 buckler (worn)
 m - a +1 pair of boots (worn)
 p - a +0 pair of gloves (worn)
Jewellery
 k - an amulet of magic regeneration
 n - a ring of resist corrosion (left hand)
Wands
 j - a wand of digging (5)
Scrolls
 f - a scroll of fog
 h - 2 scrolls of amnesia {unknown}
 t - 2 scrolls of teleportation
 v - 2 scrolls of enchant weapon {unknown}
Potions
 d - a potion of might
 e - 2 potions of mutation
 g - 5 potions of flight
 i - 3 potions of lignification
 o - a potion of curing
 q - 2 potions of cancellation {unknown}
 r - a potion of heal wounds
 s - a potion of magic {unknown}
 u - a potion of haste {unknown}


   Skills:
 + Level 6.7 Fighting
 * Level 8.3 Axes
 + Level 6.7 Armour
 + Level 6.7 Shields


You had 7 spell levels left.
You didn't know any spells.
Your spell library was empty.

Dungeon Overview and Level Annotations

Branches:
Dungeon (6/15)             Temple (1/1) D:4           Sewer (visited)

Altars:
Ashenzari
Dithmenos
Elyvilon
Fedhas
Gozag
Hepliaklqana
Kikubaaqudgha
Makhleb
Okawaru
Qazlal
Ru
Sif Muna
Uskayaw
Vehumet
Wu Jian
Xom
Yredelemnul
Zin
The Shining One

Shops:
D:3 (   D:4 [


Innate Abilities, Weirdness & Mutations

You have a pair of horns on your head.
You reflexively headbutt those who attack you in melee.
You have sharp fingernails.
You are dopey. (Int -2)


Message History

* * * LOW HITPOINT WARNING * * *
The gnoll hits you from afar with a +0 spear.
* * * LOW HITPOINT WARNING * * *
You feel better. The yak barely misses you.
The gnoll hits you but does no damage.
You slash the yak!
The yak is almost dead.
The yak misses you. The gnoll closely misses you. The yak gores you.
* * * LOW HITPOINT WARNING * * *
The gnoll hits you from afar with a +0 spear.
* * * LOW HITPOINT WARNING * * *
Okay, then.
You slash the yak!
You kill the yak!
Okawaru accepts your kill. The gnoll hits you but does no damage.
Your Axes skill increases to level 8!
You slash the howler monkey! Your headbutt misses the howler monkey.
The howler monkey is severely wounded.
You block the howler monkey's attack. The gnoll barely misses you.
You slice the howler monkey!!
You kill the howler monkey!
Okawaru accepts your kill. The gnoll barely misses you.
You slash the yak!
The yak is moderately wounded.
The gnoll hits you from afar with a +0 spear.
* * * LOW HITPOINT WARNING * * *
The yak gores you.
* * * LOW HITPOINT WARNING * * *
You feel better.
The gnoll hits you from afar with a +0 spear.
* * * LOW HITPOINT WARNING * * *
You hit the yak.
The yak is almost dead.
You barely miss the yak. The yak gores you!
* * * LOW HITPOINT WARNING * * *
The yak misses you. You furiously retaliate!
You headbutt the yak.
The gnoll hits you from afar with a +0 spear.
You die...

##.. ### #.. .
....####.# .##
.##......## ... .
.......<..### #.#
..
###..####...####..#
... # ###......#
.... ##..Y### .....
##.@Y.#......
#.##g)......
#.###)...... ..#
.#..... $...
.###### ...## ##
...# ....


You could see 2 yaks and a gnoll.

Vanquished Creatures
  3 yaks (D:6)
  A sky beast (D:5)
  A black bear (D:5)
  A centaur (D:3)
  An ogre (D:5)
  2 howler monkeys
  Crazy Yiuf (D:5)
  2 orc priests (D:3)
  5 iguanas
  A merfolk siren (Sewer)
  An orc wizard (D:3)
  A merfolk avatar (Sewer)
  Robin (D:3)
  2 gnolls (D:6)
  9 adders
  4 river rats (Sewer)
  An ufetubus (D:4)
  2 dart slugs
  13 orcs
  10 ball pythons
  9 endoplasms
  7 giant cockroaches
  11 goblins
  9 hobgoblins
  3 jackals (D:1)
  9 kobolds
  9 quokkas
  2 bats
  8 frilled lizards
  29 rats
158 creatures vanquished.

Notes
Turn   | Place    | Note
-------+----------+-------------------------------------------
     0 | D:1      | being54 the Minotaur Fighter began the quest for the Orb.
     0 | D:1      | Reached XP level 1. HP: 19/19 MP: 0/0
   307 | D:1      | Reached XP level 2. HP: 27/27 MP: 1/1
   740 | D:1      | Reached skill level 3 in Axes
   846 | D:1      | Reached XP level 3. HP: 33/33 MP: 2/2
   854 | D:1      | Found a faded altar of an unknown god.
  1733 | D:2      | Reached XP level 4. HP: 40/40 MP: 3/3
  1951 | D:3      | Reached skill level 4 in Axes
  2112 | D:3      | Reached XP level 5. HP: 38/47 MP: 4/4
  2324 | D:3      | Noticed Robin
  2345 | D:3      | Killed Robin
  2460 | D:3      | Found a hide-covered altar of Uskayaw.
  2544 | D:3      | Found Woem's Weapon Shop.
  2546 | D:3      | Noticed a centaur
  2555 | D:3      | Killed a centaur
  2556 | D:3      | Reached skill level 5 in Axes
  2556 | D:3      | Reached skill level 5 in Shields
  2556 | D:3      | Reached XP level 6. HP: 15/55 MP: 5/5
  3306 | D:4      | Found a staircase to the Ecumenical Temple.
  3334 | D:4      | Reached skill level 5 in Fighting
  3334 | D:4      | Reached skill level 5 in Armour
  3663 | D:4      | Found Ilaalen's Antique Armour Emporium.
  3667 | D:4      | Found a glowing drain.
  3683 | Sewer    | Entered a sewer
  4439 | Temple   | Entered the Ecumenical Temple
  4483 | Temple   | Became a worshipper of Warmaster Okawaru
  4816 | D:5      | Entered Level 5 of the Dungeon
  4824 | D:5      | Reached skill level 6 in Axes
  4824 | D:5      | Reached XP level 7. HP: 61/61 MP: 6/6
  5185 | D:5      | Gained mutation: You have sharp fingernails. [potion of
                  | mutation]
  5185 | D:5      | Gained mutation: You are dopey. (Int -2) [potion of
                  | mutation]
  5255 | D:5      | Reached * piety under Okawaru
  5270 | D:5      | Reached skill level 7 in Axes
  5773 | D:5      | Found a runed translucent door.
  5774 | D:5      | Noticed Crazy Yiuf
  5880 | D:5      | Killed Crazy Yiuf
  5922 | D:6      | Noticed a yak
  5923 | D:6      | Noticed a yak
  5923 | D:6      | Noticed a yak
  5924 | D:6      | Noticed a yak
  5926 | D:6      | Noticed a yak
  5939 | D:6      | Killed a yak
  5940 | D:6      | Reached XP level 8. HP: 15/71 MP: 7/7
  5951 | D:6      | Reached skill level 8 in Axes
  5952 | D:6      | Reached ** piety under Okawaru
  5955 | D:6      | HP: 1/71 [yak (10)]
  5955 | D:6      | Slain by a gnoll

Illustrated notes

Levels and vault maps discovered:
D:1:      dpeg_arrival_central, layout_basic, dreamdust_ecumenical_altar_grove
D:2:      layout_loops_ring
D:3:      layout_loops_cross, mainiacjoe_overflow_paths, serial_shops,
          nicolae_square_shop, uniq_robin
D:4:      layout_rooms, minmay_temple_entry_drinking_statues,
          portal_sewer_entry_f, serial_shops, nicolae_shop_hallway_plus,
          hangedman_abyss_or_decor_stagger, roderic_roman_lattice,
          chequers_garden
D:5:      layout_basic, serial_corexii_hall, chequers_hall_statues_wall_a,
          corexii_hall_statues_u, uniq_crazy_yiuf_cottage
D:6:      layout_rooms, lemuel_tele_altar, dk_rats_in_the_wall
Temple:   hc_temple_tempest_star

Skill      XL: |  1  2  3  4  5  6  7  8 |
---------------+-------------------------+-----
Armour         | 4 5 6 |  6.7
Fighting       | 4 5 6 |  6.7
Axes           | 3 4 5 6 7 8 |  8.3
Shields        | 4 5 6 |  6.7

Action                   |  1- 3 |  4- 6 |  7- 9 || total
-------------------------+-------+-------+-------++-------
Melee: War axe           |    90 |   217 |    82 ||   389
       Headbutt          |     8 |    27 |     9 ||    44
  Use: Scroll            |     3 |     8 |     1 ||    12
       Potion            |       |     2 |     6 ||     8
Armor: Scale mail        |    42 |   126 |    39 ||   207
Dodge: Dodged            |    37 |    83 |    42 ||   162
Block: Buckler           |    19 |    44 |    22 ||    85

Table legend: (Time is in decaauts)
 A = Elapsed time spent in this place.
 B = Non-inter-level travel time spent in this place.
 C = Inter-level travel time spent in this place.
 D = Time resting spent in this place.
 E = Time spent auto-exploring this place.
 F = Levels seen in this place.
 G = Mean time per level.
                   A        B        C        D        E       F      G
               +--------+--------+--------+--------+--------+-----+--------+
         Total |   6121 |   5608 |    513 |    896 |   3689 |   8 |  765.1 |
       Dungeon |   5185 |   4710 |    475 |    896 |   3042 |   6 |  864.2 |
        Temple |    348 |    310 |     38 |      0 |    294 |   1 |  348.0 |
         Sewer |    587 |    587 |      0 |      0 |    352 |   1 |  587.0 |
               +--------+--------+--------+--------+--------+-----+--------+

Top non-repeatable levels by time:
     D:3: 1449 daAuts
     D:5: 1106 daAuts
     D:1: 1011 daAuts
     D:4: 790 daAuts
     D:2: 777 daAuts
   Sewer: 587 daAuts
  Temple: 348 daAuts
     D:6: 50 daAuts
